Ranise, chaotic female elven Ranger --- --.-- |...-- |....| -...---- --- --....|. |..|..||-%...x. .......--....... ^ ......).@s....... ......--Z)..d.... ....... |.)...... ...%... .... .......| -.--.%)-- - |......- --....... -.....<.. ..---.... ... Ranise the Trailblazer Experience level: 9 Strength: 15 Dexterity: 17 Constitution: 16 Intelligence: 14 Wisdom: 16 Charisma: 7 Health: 0(73) Energy: 79(79) Def: 22 Gold: 0 Moves: 22748 Dungeon seed: lkH8qzMaR5TwX6DE Game ID: Ranise_1641222027 Your Inventory: Amulets o - an uncursed amulet of reflection (being worn) Weapons e - an uncursed +0 elven bow of frost (weapon in hand) f - an uncursed +0 elven spear k - 5 uncursed +0 daggers M - 25 blessed +2 elven arrows (in quiver) Armor p - an uncursed +0 elven shield (being worn) q - an uncursed +0 elven leather helm (being worn) r - an uncursed +2 elven cloak (being worn) H - an uncursed +0 dwarvish mithril-coat (being worn) P - an uncursed +0 mummy wrapping S - an uncursed +2 pair of iron shoes (being worn) Comestibles t - an uncursed tripe ration K - an uncursed male lizard corpse Rings h - an uncursed ring of see invisible m - an uncursed ring of invisibility D - an uncursed ring of slow digestion E - an uncursed ring of conflict R - an uncursed ring of regeneration Wands a - an uncursed wand of slow monster (0:7) c - an uncursed wand of fire (0:3) v - an uncursed wand of speed monster (0:5) C - an uncursed wand of striking (0:4) J - an uncursed wand of light (0:8) V - an uncursed wand of undead turning (0:4) Tools b - an uncursed bag of holding u - an uncursed +0 unicorn horn w - an uncursed tin whistle x - an uncursed +0 pick-axe of warning (alternate weapon; not wielded) I - 2 uncursed partly used tallow candles (lit) (0:131) L - an uncursed pair of lenses T - an uncursed towel X - a blessed tallow candle (0:200) Gems n - an uncursed amethyst stone Contents of the bag of holding: an uncursed amulet of magical breathing 31 uncursed +0 arrows 6 uncursed +0 crossbow bolts 25 blessed +2 elven arrows an uncursed +1 elven dagger a blessed +0 elven dagger 12 uncursed poisoned +0 orcish arrows of detonation an uncursed banana an uncursed carrot 2 uncursed female lizard corpses 2 uncursed food rations an uncursed fortune cookie 3 uncursed lembas wafers an uncursed male lizard corpse an uncursed mango an uncursed tripe ration a blessed scroll of identify an uncursed scroll of identify 2 blessed scrolls of teleportation an uncursed spellbook of identify an uncursed potion of fruit juice a blessed potion of object detection an uncursed wand of digging (0:5) an uncursed wand of digging (0:4) an uncursed mirror an uncursed sack 2 uncursed tallow candles (0:200) 3 cursed tallow candles (0:200) 2 uncursed wax candles (0:400) an uncursed jasper stone a cursed obsidian stone 695 gold pieces Spells and supernatural/magical abilities: Name Level Category Cost Memory d - dig 2 matter 2000pw 92% h - healing 1 healing 20pw 91% k - knock 1 matter 20pw 79% l - light 1 divination 20pw 76% s - slow monster 2 enchantment 2000pw 85% w - wizard lock 2 matter 2000pw 100% y - astral eyesight 7 divination 7000pw 86% W - pray for help -- divine ? -- Your skills at the end: Fighting Skills wands [Basic] Weapon Skills dagger [Skilled] pick-axe [Basic] spear [Skilled] bow [Skilled] Spellcasting Skills Final Attributes: You were piously aligned. You were immune to sleep. You were poison resistant. You saw invisible. You were telepathic. You had automatic searching. You had infravision. You were invisible. You were stealthy. You were protected. You had reflection. Mars was noncommittal. You are dead. Vanquished creatures: a ghost 2 giant mimics 2 large mimics a wumpus a stalker 8 small mimics a large dog a freezing sphere a flaming sphere 5 shocking spheres a dwarf king 2 ochre jellies a leocrotta a wraith a carnivorous ape 3 ettin zombies 2 chameleons a quivering blob a cockatrice 6 wolves a lynx a panther a gremlin 3 leprechauns an orc-captain an iron piercer 6 giant spiders 3 horses an ice vortex a black light 4 gnome kings 2 orc mummies 3 dwarf mummies an ogre 2 rust monsters 2 yetis a gold golem 3 werewolves 3 Green-elves 4 lizards 2 dogs a dingo a jaguar 3 dwarf lords 9 blue jellies 3 white unicorns 4 gray unicorns a black unicorn a dust vortex a raven 2 plains centaurs 2 gnome mummies 3 snakes an ape 2 rope golems 4 Woodland-elves 4 fire ants a bugbear an imp 6 wood nymphs a water nymph 4 mountain nymphs 3 Mordor orcs 4 Uruk-hai 3 orc shamans 11 rock piercers 6 rock moles 6 ponies 3 fog clouds 2 yellow lights 3 shriekers 16 gnome lords 4 gnomish wizards a red naga hatchling a guardian naga hatchling 4 gray oozes an elf zombie 2 ghouls a straw golem 2 paper golems 3 baby crocodiles 15 giant ants a little dog 6 floating eyes 2 kittens 17 dwarves 3 homunculi a kobold lord 3 kobold shamans 3 hill orcs 5 rothes 2 rabid rats 4 centipedes 3 giant bats 6 monkeys 3 orc zombies 2 dwarf zombies a wererat 2 werejackals 5 iguanas 7 killer bees 4 acid blobs 16 coyotes 3 gas spores 7 hobbits 11 manes 2 large kobolds 5 hobgoblins 7 giant rats 4 cave spiders 4 brown molds 5 yellow molds 2 green molds 58 gnomes 20 garter snakes 8 gnome zombies 10 geckos 12 jackals 3 foxes 2 kobolds 5 goblins 12 sewer rats 13 grid bugs 5 bats 9 lichens 5 kobold zombies 17 newts 559 creatures vanquished. Voluntary challenges: You had been an atheist until turn 2786. You used a wielded weapon 629 times, starting on turn 2664. You had been a pacifist until turn 3115. You read items or engraved 55 times, starting on turn 2677. You never genocided any monsters. You never polymorphed an object. You never changed form. You used no wishes. You never split a pudding. You wrote Elbereth's name 7 times, starting on turn 2678. You violated your moral code, losing 102 points of alignment, starting on turn 16631. Dungeon overview: The Dungeons of Doom: levels 1 to 10 Level 1 a fountain a long staircase Level 2 a scroll shop Level 3 a sink, a vault stairs to The Gnomish Mines Level 4 a fountain Level 5 a vault Level 6 Level 7 Level 8 many fountains Level 9 a general store stairs to Sokoban Level 10 a fountain The Gnomish Mines: levels 4 to 10 Level 4 stairs to The Dungeons of Doom Level 5 Level 6 some shops, a temple to Mercury, some fountains, a sink Level 7 Level 8 Level 9 Level 10 <- You were here Sokoban: levels 5 to 8 Level 5 Solved Level 6 Solved Level 7 Solved Level 8 Solved stairs to The Dungeons of Doom History has recorded: On T:1 you entered the Dungeons of Doom to retrieve the Amulet of Yendor! On T:24 you reached level 2 of The Dungeons of Doom. On T:658 you reached level 3 of The Dungeons of Doom. On T:1120 you reached level 1 of The Gnomish Mines. On T:1296 you reached level 4 of The Dungeons of Doom. On T:2000 you reached level 2 of The Gnomish Mines. On T:2596 you reached level 3 of The Gnomish Mines. On T:3139 you reached level 4 of The Gnomish Mines. On T:3235 you advanced to experience level 2. On T:3723 you advanced to experience level 3. On T:3963 you advanced to experience level 4. On T:5279 you reached level 5 of The Dungeons of Doom. On T:5710 you reached level 6 of The Dungeons of Doom. On T:6333 you advanced to experience level 5. On T:6539 you reached level 7 of The Dungeons of Doom. On T:6957 you reached level 8 of The Dungeons of Doom. On T:7585 you advanced to experience level 6. On T:8029 you reached level 9 of The Dungeons of Doom. On T:9271 you advanced to experience level 7. On T:10755 you reached level 10 of The Dungeons of Doom. On T:11414 you reached level 4 of Sokoban. On T:11739 you advanced to experience level 8. On T:12307 you reached level 3 of Sokoban. On T:13167 you reached level 2 of Sokoban. On T:14040 you reached level 1 of Sokoban. On T:16355 you advanced to experience level 9. On T:18778 you reached level 5 of The Gnomish Mines. On T:20338 you reached level 6 of The Gnomish Mines. On T:21696 you reached level 7 of The Gnomish Mines. Score breakdown: Gold: 695 ( 9669 points) Experience: 9 levels (15756 points) Exploration: 10 levels ( 20.00%) (12857 points) Discoveries: 70 items ( 23.73%) (14613 points) Valuables value: (no points given unless you survive) Artifact value: 0 ( 0 points) Variety of kills: 127 monsters ( 33.42%) (17343 points) Turncount: 22748 turns (-3592 points) Survival: died (score multiplied by 80%) Total score: 53316 Latest messages: The arrow hits the ettin zombie. The enslaved giant spider bites! The ettin zombie misses. You hear some noises in the distance. You destroy the ettin zombie! The gnome zombie misses. The enslaved giant spider misses. You destroy the gnome zombie! The enslaved giant spider just misses! You hear some noises in the distance. You fill your quiver: M - 27 blessed +2 elven arrows (in quiver). The elven arrow hits the enslaved giant spider! The enslaved giant spider misses. The enslaved giant spider bites! The ettin zombie raises from the dead! The elven arrow hits the enslaved giant spider! The ettin zombie misses. The enslaved giant spider bites! The enslaved giant spider's bite was poisoned! You die... Final status: Goodbye Ranise the Ranger, poisoned by a giant spider... You died in The Gnomish Mines on dungeon level 10 with 53316 points, and 695 pieces of gold, after 22748 moves. You were level 9 with a maximum of 73 hit points when you died.